 Dungeon Crawl Stone Soup version 0.32-a0-893-gf85d74f360 (webtiles) character file.

Game seed: 17907157194075608821

65 Biggs the Slasher (level 4, 0/33 HPs)
             Began as a Coglin Gladiator on Apr 4, 2024.
             Slain by an endoplasm (1 damage)
             ... on level 2 of the Dungeon.
             The game lasted 00:03:00 (844 turns).

Biggs the Slasher (Coglin Gladiator)                 Turns: 844, Time: 00:03:00

Health: 0/33       AC:  4    Str: 14    XL:     4   Next: 13%
Magic:  4/4        EV: 11    Int:  8    God:
Gold:   70         SH:  0    Dex: 17    Spells: 3/3 levels left

rFire   . . .        a - +0 long sword {Daeho}
rCold   . . .        f - +0 dagger {Khenut}
rNeg    . . .        b - +0 leather armour
rPois   .            c - +0 helmet
rElec   .            (no cloak)
rCorr   .            (no gloves)
SInv    .            (no boots)
Will    .....        (amulet unavailable)
Stlth   +            (ring unavailable)
HPRegen 0.25/turn    (ring unavailable)
MPRegen 0.09/turn    (no gizmo)

%: no passive effects
@: revved
A: off-hand wielding, slow wielding, warmup strikes, no jewellery
a: Invent Gizmo


You were on level 2 of the Dungeon.
You visited 1 branch of the dungeon, and saw 2 of its levels.

You collected 70 gold pieces.

Inventory:

Hand Weapons
 a - a +0 long sword (weapon) {Daeho}
 f - a +0 dagger (offhand) {Khenut}
Missiles
 d - 3 throwing nets (quivered)
 e - a javelin
Armour
 b - a +0 leather armour (worn)
 c - a +0 helmet (worn)
Scrolls
 g - a scroll of poison {unknown}
 i - a scroll of blinking {unknown}
 j - 2 scrolls of vulnerability {unknown}
Potions
 h - a potion of enlightenment {unknown}


   Skills:
 - Level 2.0 Fighting
 + Level 4.9 Long Blades
 - Level 1.7 Throwing
 - Level 2.6 Dodging


You had 3 spell levels left.
You didn't know any spells.
Your spell library contained the following spells:

 Spells                   Type           Power      Damage    Failure   Level
 Slow                     Hex            0%         N/A       50%         1
 Scorch                   Fire           0%         2d5       63%         2
 Confusing Touch          Hex            0%         N/A       86%         3
 Vampiric Draining        Necr           0%         2d6       86%         3
 Flame Wave               Conj/Fire      0%         2d4       99%         4
 Summon Cactus Giant      Summ           0%         N/A       100%        6


Dungeon Overview and Level Annotations

Branches:
Dungeon (2/15)

Altars:


Innate Abilities, Weirdness & Mutations

You can wield a second weapon in your off-hand.
It takes a long time for you to wield or remove held weapons.
Your first few attacks do less damage.
You cannot equip rings or amulets.


Message History

The adder is heavily wounded.
You hit the adder with your +0 long sword.
The adder barely misses you.
You closely miss the adder with your +0 long sword.
The adder is severely wounded.
You closely miss the adder with your +0 dagger.
The endoplasm quivers.
The adder closely misses you.
You hit the adder with your +0 dagger.
You kill the adder!
A ribbon worm comes into view.
The ribbon worm misses you.
You have reached level 4!
You feel clever.
You hit the ribbon worm with your +0 long sword.
The ribbon worm is lightly wounded.
You hit the ribbon worm but do no damage.
The ribbon worm bites you.
You hit the ribbon worm with your +0 dagger.
The ribbon worm is moderately wounded.
You hit the ribbon worm with your +0 long sword.
The ribbon worm bites you.
You hit the ribbon worm but do no damage.
The ribbon worm is heavily wounded.
You hit the ribbon worm with your +0 dagger.
The ribbon worm expels a string of sticky webbing.
The stream of webbing misses you.
You hit the ribbon worm with your +0 dagger.
The ribbon worm is severely wounded.
You completely miss the ribbon worm with your +0 long sword.
The endoplasm freezes you.
You are frozen.
* * * LOW HITPOINT WARNING * * *
You hit the ribbon worm but do no damage.
The ribbon worm is severely wounded.
You hit the ribbon worm with your +0 dagger.
The ribbon worm bites you!
* * * LOW HITPOINT WARNING * * *
The endoplasm hits you.
You die...

#..........#
#..........#
#..........#
##..........#
........w...####
............... .
#......wJ..# .###
#..@..## . ...
##†##..######P.
#.###..#...........
#..#..##..........≈
#..>.##........#
#....##....†...#
##...##[.<.....#
#..†##.†......#
#.)..#........#


You could see 2 ribbon worms and an endoplasm.

Vanquished Creatures
  3 adders (D:2)
  5 ball pythons
  2 bats
  3 endoplasms
  2 giant cockroaches (D:1)
  5 goblins (D:1)
  6 hobgoblins (D:1)
  2 kobolds
  A quokka (D:1)
  4 frilled lizards (D:1)
  2 rats (D:1)
35 creatures vanquished.

Notes
Turn   | Place    | Note
-------+----------+-------------------------------------------
     0 | D:1      | Biggs the Coglin Gladiator began the quest for the Orb.
     0 | D:1      | Reached XP level 1. HP: 16/16 MP: 1/1
   131 | D:1      | Reached XP level 2. HP: 22/22 MP: 2/2
   376 | D:1      | Reached skill level 4 in Long Blades
   383 | D:1      | Reached XP level 3. HP: 27/27 MP: 3/3
   840 | D:2      | Reached XP level 4. HP: 16/33 MP: 4/4
   844 | D:2      | HP: 1/33 [ribbon worm (8)]
   844 | D:2      | Slain by an endoplasm

Illustrated notes

Levels and vault maps discovered:
D:1:      dpeg_arrival_snail, layout_basic, minmay_vboxes
D:2:      layout_rooms, serial_shops, nicolae_lakefront_shop,
          guppyfry_early_lair_pool

Skill      XL: |  1  2 |
---------------+-------+-----
Long Blades    | 4 |  4.9
Fighting       | |  2.0
Throwing       | |  1.7
Dodging        | |  2.6

Action                     |  1- 3 |  4- 6 || total
---------------------------+-------+-------++-------
  Melee: Long sword        |    61 |     5 ||    66
         Dagger            |    59 |     5 ||    64
   Stab: Sleeping          |     2 |       ||     2
 Armour: Leather armour    |    33 |     4 ||    37
  Dodge: Dodged            |    46 |     1 ||    47

Table legend: (Time is in decaauts)
 A = Elapsed time spent in this place.
 B = Non-inter-level travel time spent in this place.
 C = Inter-level travel time spent in this place.
 D = Time resting spent in this place.
 E = Time spent auto-exploring this place.
 F = Levels seen in this place.
 G = Mean time per level.
                   A        B        C        D        E       F      G
               +--------+--------+--------+--------+--------+-----+--------+
         Total |    847 |    827 |     20 |      0 |    639 |   2 |  423.5 |
       Dungeon |    847 |    827 |     20 |      0 |    639 |   2 |  423.5 |
               +--------+--------+--------+--------+--------+-----+--------+

Top non-repeatable levels by time:
     D:1: 775 daAuts
     D:2: 72 daAuts
